 Dungeon Crawl Stone Soup version 0.30-a0-652-gcc886f7154 (webtiles) character file.

Game seed: 13471085097317386749

49 Newt the Shooter (level 4, -3/43 HPs)
             Began as a Kobold Hunter on Jan 17, 2023.
             Slain by a gnoll
             ... wielding a +0 halberd
              (7 damage)
             ... on level 3 of the Dungeon.
             The game lasted 00:01:49 (1429 turns).

Newt the Shooter (Kobold Hunter)                    Turns: 1429, Time: 00:01:50

Health: -3/43      AC: 22    Str:  8    XL:     4   Next: 2%
Magic:  4/4        EV:  3    Int: 10    God:
Gold:   168        SH:  0    Dex: 20    Spells: 3/3 levels left

rFire   . . .      SeeInvis .    a - +0 shortbow
rCold   . . .      Faith    .    (shield currently unavailable)
rNeg    . . .      Spirit   .    (body armour currently unavailable)
rPois   +          Reflect  .    (helmet currently unavailable)
rElec   .          Harm     .    (cloak currently unavailable)
rCorr   .          Rampage  .    (gloves currently unavailable)
Will    .....      NoTele   +    (boots currently unavailable)
Stlth   ++++                     (no amulet)
HPRegen 0.27/turn                (no ring)
MPRegen 0.09/turn                (no ring)

@: tree-form
A: stationary, stasis, torment immunity, boosted hp, small, no large weapons,
nightstalker 3
a: no special abilities


You were on level 3 of the Dungeon.
You were a tree.
You visited 1 branch of the dungeon, and saw 3 of its levels.

You collected 168 gold pieces.

Inventory:

Hand Weapons
 a - a +0 shortbow (weapon)
Missiles
 k - 5 silver javelins
Armour
 c - a +0 leather armour (melded)
 l - a +0 pair of boots (melded)
Scrolls
 b - 2 scrolls of immolation
 f - 2 scrolls of teleportation
 g - a scroll of amnesia {unknown}
Potions
 d - a potion of flight {unknown}
 e - 2 potions of berserk rage
 j - a potion of brilliance
 m - a potion of resistance


   Skills:
 + Level 3.8 Fighting
 - Level 5.3 Ranged Weapons
 - Level 2.4 Dodging
 - Level 3.0 Stealth


You had 3 spell levels left.
You didn't know any spells.
Your spell library contained the following spells:

 Spells                   Type           Power      Damage    Failure   Level
 Foxfire                  Conj/Fire      0%         2x1d4     36%         1
 Sting                    Tmut/Pois      0%         1d3       36%         1
 Cigotuvi's Dreadful Rot  Necr/Pois/Air  0%         N/A       50%         2
 Poisonous Vapours        Pois/Air       0%         N/A       50%         2
 Ignite Poison            Fire/Tmut/Pois 0%         N/A       75%         3
 Kindle Blastsparks       Fire/Tloc/Air  0%         2d10      75%         3
 Mephitic Cloud           Conj/Pois/Air  0%         N/A       75%         3
 Olgreb's Toxic Radiance  Pois           0%         N/A       98%         4
 Fireball                 Conj/Fire      0%         3d3       100%        5
 Freezing Cloud           Conj/Ice/Air   0%         6-21      100%        5
 Starburst                Conj/Fire      0%         6d3       100%        6


Dungeon Overview and Level Annotations

Branches:
Dungeon (3/15)

Altars:

Shops:
D:1 =

Annotations:
D:3 1 transporter


Innate Abilities, Weirdness & Mutations

You are a tree.
Your roots penetrate the ground, keeping you stationary.
You cannot be teleported.
You are immune to unholy pain and torment.
Your maximum health is greatly increased.
Your equipment is partially melded.
You are small and have problems with some larger weapons.
You are completely attuned to the shadows.


Message History

You kill the gnoll!
A giant cockroach comes into view.
You shoot an arrow. The arrow barely misses the gnoll.
The arrow hits the giant cockroach.
The giant cockroach is moderately wounded.
A hobgoblin comes into view.
The gnoll hits you from afar with a +0 halberd!
Ouch! That really hurt!
* * * LOW HITPOINT WARNING * * *
There are monsters nearby!
You are too injured to fight recklessly!
Unknown command.
The hobgoblin barely misses you. The hobgoblin attacks as you move away!
The hobgoblin misses you. The hobgoblin attacks as you move away!
The hobgoblin hits you.
* * * LOW HITPOINT WARNING * * *
You shoot an arrow. The arrow hits the hobgoblin.
You kill the hobgoblin!
The giant cockroach misses you.
You have reached level 4!
Really quaff the potion of lignification?
You turn into a tree.
Your +0 pair of boots melds into your body.
Your +0 leather armour melds into your body.
Your roots penetrate the ground.
The giant cockroach barely misses you.
You shoot an arrow.
The arrow closely misses the giant cockroach.
The arrow barely misses the gnoll.
The arrow hits the hobgoblin.
You kill the hobgoblin!
You hear a shout!
The gnoll hits you but does no damage.
The giant cockroach bites you but does no damage.
A gnoll comes into view. It is wielding a +0 spear.
The gnoll hits you from afar with a +0 halberd.
* * * LOW HITPOINT WARNING * * *
You shoot an arrow. The arrow hits the giant cockroach!
You kill the giant cockroach!
You hear an angry hiss.
The gnoll hits you from afar with a +0 halberd!
You die...

*,***,** ##.## ****,*,*,,,,
*,**,** ##.# **,**,*,*
*,***,** *#(## #####.**,*,*
*,* **,**#.#.###.....,,,,,,
*,****,,#.##.....####******
*,,,,,,..###.###.#8P#~~~~~~
*,****,..,.......#..#~~~~~,
*,****.#######..©#©[+~~~*~,
*,,,,,....♣.gg...#..#~~~~~,
*,****########...#8P#~~~~~~
*,* ###)###******* *,*
*.g..,,,,,,, *,*
*****#.##,>,,,,, *,*
*,,,,,..,,,,,*** *,*
*,****>**,**,* * *,* *,*
*,**,**,* * *,*
*,****,*,,,*,***


You could see 2 gnolls.

Vanquished Creatures
  A gnoll (D:3)
  An adder (D:3)
  5 ball pythons
  3 bats
  2 endoplasms
  4 giant cockroaches
  3 goblins
  2 hobgoblins (D:3)
  A frilled lizard (D:1)
  5 kobolds
  3 rats
30 creatures vanquished.

Notes
Turn   | Place    | Note
-------+----------+-------------------------------------------
     0 | D:1      | Newt the Kobold Hunter began the quest for the Orb.
     0 | D:1      | Reached XP level 1. HP: 12/12 MP: 1/1
   103 | D:1      | Reached XP level 2. HP: 17/17 MP: 2/2
   140 | D:1      | Found a faded altar of an unknown god.
   443 | D:1      | Found Binicaurgh's Jewellery Emporium.
   840 | D:2      | Reached XP level 3. HP: 18/23 MP: 3/3
  1404 | D:3      | Found a transporter.
  1426 | D:3      | Reached XP level 4. HP: 5/29 MP: 4/4
  1429 | D:3      | Slain by a gnoll

Illustrated notes

Levels and vault maps discovered:
D:1:      evilmike_arrival_hilbert_curve, layout_basic, serial_shops,
          nicolae_shop_trees, hellmonk_ecumenical_altar_lost_god
D:2:      layout_rooms
D:3:      gammafunk_steamed_eel, layout_loops_ring, gammafunk_ghost_split

Skill      XL: |  1  2 |
---------------+-------+-----
Stealth        | 2 3 |  3.0
Fighting       | 3 |  3.8
Ranged Weapons | |  5.3
Dodging        | |  2.4

Action                   |  1- 3 |  4- 6 || total
-------------------------+-------+-------++-------
 Fire: Shortbow          |    71 |     2 ||    73
  Use: Scroll            |     5 |       ||     5
       Potion            |     1 |     1 ||     2
Armor: Leather armour    |     6 |       ||     6
       Skin              |       |     2 ||     2
Dodge: Dodged            |    21 |     1 ||    22

Table legend: (Time is in decaauts)
 A = Elapsed time spent in this place.
 B = Non-inter-level travel time spent in this place.
 C = Inter-level travel time spent in this place.
 D = Time resting spent in this place.
 E = Time spent auto-exploring this place.
 F = Levels seen in this place.
 G = Mean time per level.
                   A        B        C        D        E       F      G
               +--------+--------+--------+--------+--------+-----+--------+
         Total |   1460 |   1372 |     88 |      1 |   1189 |   3 |  486.7 |
       Dungeon |   1460 |   1372 |     88 |      1 |   1189 |   3 |  486.7 |
               +--------+--------+--------+--------+--------+-----+--------+

Top non-repeatable levels by time:
     D:1: 769 daAuts
     D:2: 577 daAuts
     D:3: 113 daAuts
